 Dungeon Crawl Stone Soup version 0.31.0-7-gf635a9b802 (webtiles) character file.

Game seed: 9694351204095105249

4176 Bananatron the Mimic (level 10, -6/65 HPs)
             Began as a Merfolk Shapeshifter on Jan 24, 2024.
             Was a Follower of Wu Jian.
             Mangled by Erica
             ... wielding a +2 scimitar of flaming
              (9 damage)
             ... on level 9 of the Dungeon.
             The game lasted 00:58:58 (7800 turns).

Bananatron the Mimic (Merfolk Shapeshifter)         Turns: 7800, Time: 00:58:58

Health: -6/65      AC:  6    Str: 17    XL:     10   Next: 28%
Magic:  10/10      EV: 20    Int: 10    God:    Wu Jian [*.....]
Gold:   633        SH:  0    Dex: 15    Spells: 9/9 levels left

rFire   . .          .
                       - Unarmed
rCold   . . .        (shield currently unavailable)
rNeg    . . .        a - melded +0 animal skin
rPois   .            v - +0 helmet
rElec   .            (no cloak)
rCorr   .            k - +0 pair of gloves
SInv    .            (no boots)
Will    .....        (no amulet)
Stlth   +            f - +5 ring of evasion
HPRegen 0.30/turn    s - +4 ring of protection
MPRegen 0.12/turn

%: no passive effects
@: flux-form, glowing, constricted
A: glow, contaminating, (nimble swimmer 2), mertail
a: Begin Untransformation, Renounce Religion


You were on level 9 of the Dungeon.
You worshipped Wu Jian.
Wu Jian was aware of your devotion.
You were something dangerously unstable.
You visited 2 branches of the dungeon, and saw 10 of its levels.

You collected 633 gold pieces.

Inventory:

Hand Weapons
 b - a +1 heavy sling
 A - a +0 flail of distortion
 D - a +3 trident of draining
 P - a +5 great sword of freezing
Missiles
 g - 101 stones (quivered)
 N - 3 poisoned darts
Armour
 a - a +0 animal skin (melded)
 k - a +0 pair of gloves (worn)
 v - a +0 helmet (worn)
 E - an orb of mayhem
 G - an orb of light
Jewellery
 f - a +5 ring of evasion (left hand)
 j - a ring of magical power
 s - a +4 ring of protection (right hand)
 t - a ring of ice
 H - a ring of protection from fire
 O - a ring of poison resistance
Talismans
 c - a beast talisman
 d - a flux talisman (active)
 B - a granite talisman
Wands
 q - a wand of polymorph (5)
 y - a wand of acid (6)
 F - a wand of iceblast (9)
 M - a wand of flame (23)
Scrolls
 e - 6 scrolls of identify
 i - 4 scrolls of teleportation
 l - 2 scrolls of silence {unknown}
 m - 5 scrolls of blinking
 o - a scroll of amnesia {unknown}
 r - a scroll of enchant weapon {unknown}
 z - a scroll of fog {unknown}
 I - a scroll of immolation {unknown}
 K - a scroll of vulnerability {unknown}
 L - 2 scrolls of noise {unknown}
Potions
 h - 2 potions of mutation
 n - 2 potions of curing
 p - a potion of heal wounds {unknown}
 u - a potion of ambrosia {unknown}
 w - a potion of brilliance {unknown}
 x - a potion of magic {unknown}
 C - a potion of degeneration {unknown}
 J - a potion of lignification


   Skills:
 - Level 1.1 Fighting
 - Level 5.0 Dodging
 + Level 9.7 Unarmed Combat
 * Level 14.2 Shapeshifting


You had 9 spell levels left.
You didn't know any spells.
Your spell library contained the following spells:

 Spells                   Type           Power      Damage    Failure   Level
 Necrotise                Necr           0%         1d4       36%         1
 Summon Small Mammal      Summ           0%         N/A       36%         1
 Call Imp                 Summ           0%         N/A       50%         2
 Sublimation of Blood     Necr           0%         N/A       50%         2
 Call Canine Familiar     Summ           0%         N/A       75%         3
 Gell's Gravitas          Tloc           0%         N/A       75%         3
 Teleport Other           Tloc           0%         N/A       75%         3
 Vampiric Draining        Necr           0%         2d6       75%         3
 Animate Dead             Necr           0%         N/A       98%         4
 Martyr's Knell           Necr/Summ      0%         N/A       98%         4
 Summon Blazeheart Golem  Fire/Summ      0%         N/A       98%         4
 Curse of Agony           Necr           0%         N/A       100%        5
 Iskenderun's Battlesphe  Conj           0%         2d6       100%        5
 Bombard                  Conj/Erth      0%         9d1       100%        6
 Dispersal                Tloc           0%         N/A       100%        6
 Haunt                    Necr/Summ      0%         N/A       100%        7
 Spellforged Servitor     Conj/Summ      0%         N/A       100%        7
 Summon Hydra             Summ           0%         N/A       100%        7
 Infestation              Necr           0%         N/A       100%        8


Dungeon Overview and Level Annotations

Branches:
Dungeon (9/15)             Temple (1/1) D:5            Lair (0/5) D:9
    Orc: D:9-12

Altars:
Ashenzari
Cheibriados
Dithmenos
Elyvilon
Fedhas
Gozag
Hepliaklqana
Kikubaaqudgha
Makhleb
Nemelex Xobeh
Okawaru
Qazlal
Ru
Trog
Vehumet
Wu Jian
Yredelemnul
Zin

Shops:
D:6 (

Annotations:
D:3 1 runed translucent door, Crazy Yiuf
D:9 Erica


Innate Abilities, Weirdness & Mutations

You are something dangerously unstable.
You glow with magical radiation, making you easy to see and hit.
Foes you strike become dangerously contaminated with magical radiation.
You are incapable of wielding weapons or throwing items.
((You are very nimble when in or above water. (Stealth+, EV+, Speed+++)))
Your lower body shifts to a powerful aquatic tail in water.


Message History

The death yak snorts and paws the ground.
There is a stone staircase leading up here.
You climb upwards.
There is a stone staircase leading down here.
There is a stone staircase leading down, spattered with blood here.
You climb downwards.
Level annotation: Erica
There is a stone staircase leading up here.
Erica shouts!
You hear a bellow!
The yak bellows!
You hear a bellow!
There is a stone staircase leading up here.
Erica stares at you and mumbles some strange words.
The bolt of poison hits you!
You are poisoned.
You feel very sick.
You lunge at Erica.
You barely miss Erica.
You feel very sick.
Erica hits you with a +2 scimitar of flaming!
Erica burns you. Erica closely misses you.
You feel very sick.
There is a stone staircase leading up here.
You feel sick.
Erica hits you with a +2 scimitar of flaming!
* * * LOW HITPOINT WARNING * * *
Erica burns you.
* * * LOW HITPOINT WARNING * * *
Erica grabs you.
You stop ascending the stairs.
Erica constricts you.
* * * LOW HITPOINT WARNING * * *
The yak barely misses you.
You feel better. The yak misses you.
Erica casts a spell.
Erica flickers and vanishes!
Deactivating autopickup; reactivate with Ctrl-A.
You are constricted.
* * * LOW HITPOINT WARNING * * *
Erica's grasp on you weakens, but your attempt to escape fails.
The yak gores you!
* * * LOW HITPOINT WARNING * * *
Something hits you!
You die...

#.# ## #.....## #.# .. ....##
#.# .# #######..##
#.####.#.##.........##
#.........#.######.#<#
##########......# #.#.#
..######<...........#..# #.#..
........)...#.#.{.....)# #Y###
............'.#pY...Y..#####....
............#.#..#......Y..Y....
.....)......####................
..#.....................!#......
. #.........###......... .......
#.......... ..................
#############...#..>..........
.#$............###
##..........?.##


You could see a death yak and a yak.

Vanquished Creatures
  A two-headed ogre (D:9)
  Jeremiah (D:6)
  2 yaks
  Menkaure (D:6)
  3 ice beasts
  2 sky beasts (D:7)
  2 orc warriors
  An ogre (D:6)
  A centaur (D:7)
  3 phantoms
  Blork the orc (D:6)
  2 kobold brigands
  4 bullfrogs
  A scorpion (D:5)
  3 wights (D:8)
  6 killer bees (D:7)
  3 howler monkeys
  3 jellies
  2 bombardier beetles
  2 orc priests
  4 hounds
  3 iguanas
  2 sleepcaps
  Ijyb (D:3)
  Natasha (D:3)
  3 orc wizards
  6 adders
  6 gnolls
  2 shadow imps (D:5)
  2 white imps
  3 ufetubi (D:6)
  A ribbon worm (D:2)
  3 dart slugs
  26 orcs
  2 bats
  10 endoplasms
  7 giant cockroaches
  13 hobgoblins
  7 jackals (D:4)
  13 kobolds
  7 quokkas
  6 ball pythons
  8 frilled lizards
  7 goblins
  3 rats
190 creatures vanquished.

Notes
Turn   | Place    | Note
-------+----------+-------------------------------------------
     0 | D:1      | Bananatron the Merfolk Shapeshifter began the quest for the
                  | Orb.
     0 | D:1      | Reached XP level 1. HP: 15/15 MP: 1/1
    65 | D:1      | Reached XP level 2. HP: 11/21 MP: 2/2
   363 | D:1      | Reached XP level 3. HP: 26/26 MP: 3/3
  1031 | D:2      | Reached skill level 5 in Shapeshifting
  1036 | D:2      | Reached XP level 4. HP: 30/32 MP: 4/4
  1749 | D:2      | HP: 1/32 [gnoll/+0 halberd (16)]
  2024 | D:3      | Reached XP level 5. HP: 37/37 MP: 5/5
  2328 | D:3      | Noticed Ijyb
  2461 | D:3      | Noticed a phantom
  2478 | D:5      | Entered Level 5 of the Dungeon
  2673 | D:4      | Reached skill level 6 in Shapeshifting
  2933 | D:4      | Found a hazy altar of Hepliaklqana.
  2933 | D:4      | Found a bloodstained altar of Trog.
  3045 | D:4      | Found an ancient bone altar of Kikubaaqudgha.
  3175 | D:5      | Reached XP level 6. HP: 22/43 MP: 6/6
  3348 | D:5      | Found a staircase to the Ecumenical Temple.
  3351 | D:5      | Reached skill level 5 in Dodging
  3355 | Temple   | Entered the Ecumenical Temple
  3379 | Temple   | Became a worshipper of the Wu Jian Council
  3414 | D:5      | Noticed an ice beast
  3471 | D:5      | Reached skill level 5 in Unarmed Combat
  3471 | D:5      | Reached skill level 7 in Shapeshifting
  3569 | D:5      | Reached XP level 7. HP: 48/48 MP: 7/7
  3670 | D:5      | You fall into a shaft and drop 2 floors!
  3709 | D:6      | Reached skill level 8 in Shapeshifting
  3781 | D:6      | Found Muonyumi's Weapon Shoppe.
  3839 | D:6      | Reached XP level 8. HP: 45/54 MP: 8/8
  3897 | D:6      | Noticed Jeremiah
  4004 | D:6      | Noticed Menkaure
  4013 | D:6      | Killed Menkaure
  4014 | D:6      | Reached skill level 9 in Shapeshifting
  4289 | D:3      | Killed Ijyb
  4399 | D:3      | Found a stormy altar of Qazlal.
  4570 | D:3      | Reached * piety under Wu Jian
  4666 | D:3      | Found a runed translucent door.
  4667 | D:3      | Noticed Crazy Yiuf
  4776 | D:3      | Noticed Natasha
  4784 | D:3      | Killed Natasha
  5079 | D:5      | Found a sacrificial altar of Ru.
  5164 | D:6      | Noticed Blork the orc
  5172 | D:6      | Killed Blork the orc
  5173 | D:6      | Reached skill level 10 in Shapeshifting
  5264 | D:6      | Killed Jeremiah
  5683 | D:6      | Reached skill level 11 in Shapeshifting
  5683 | D:6      | Reached XP level 9. HP: 59/59 MP: 9/9
  6389 | D:7      | Reached skill level 12 in Shapeshifting
  6884 | D:9      | Noticed a death yak
  6884 | D:9      | Noticed Erica
  6884 | D:9      | Found a staircase to the Lair.
  6885 | D:9      | Noticed a death yak
  7119 | D:8      | Reached skill level 13 in Shapeshifting
  7292 | D:8      | Found a basalt altar of Yredelemnul.
  7416 | D:9      | Reached XP level 10. HP: 58/65 MP: 10/10
  7577 | D:9      | Noticed a two-headed ogre
  7579 | D:9      | a two-headed ogre changed into a yak
  7584 | D:9      | Noticed a two-headed ogre
  7630 | D:9      | Killed a two-headed ogre
  7631 | D:9      | Reached skill level 14 in Shapeshifting
  7685 | D:9      | Noticed a death yak
  7800 | D:9      | HP: 3/65 [yak (7)]
  7800 | D:9      | Mangled by Erica

Illustrated notes

Levels and vault maps discovered:
D:1:      minmay_arrival_open_corners, layout_loops_cross
D:2:      layout_basic, interstate_on_off, hex_intersection
D:3:      corexii_shack_village, layout_loops_corners, grunt_qazlal_sundering,
          uniq_ijyb, uniq_natasha, uniq_crazy_yiuf_cottage
D:4:      layout_rooms, mainiacjoe_overflow_concentric_impassable,
          jmf_multi_god_temple
D:5:      layout_loops_ring, kennysheep_little_box, temple_doors_e,
          mrwooster_statue_mirror
D:6:      minmay_spotlight, layout_cave_pods, serial_shops, kennysheep_mini,
          nicolae_concentric_dashed_squares_mild, uniq_jeremiah, uniq_menkaure,
          uniq_blork_the_orc
D:7:      layout_loops_cross, minmay_fractal_squares_gapless_5
D:8:      layout_basic, mainiacjoe_overflow_alcove_1
D:9:      layout_basic, nicolae_overflow_crystal_walls, lemuel_blue_sif_altar,
          dpeg_lair_monsters, gammafunk_ghost_abyssal_escape, uniq_maurice,
          uniq_erolcha, uniq_erica
Temple:   nicolae_temple_bog_church

Skill      XL: |  1  2  3  4  5  6  7  8  9 10 |
---------------+-------------------------------+-----
Dodging        | 3 4 5 |  5.0
Shapeshifting  | 5 6 7 8 11 13 14 | 14.2
Unarmed Combat | 4 5 6 7 9 |  9.7
Fighting       | |  1.1

Action                     |  1- 3 |  4- 6 |  7- 9 | 10-12 || total
---------------------------+-------+-------+-------+-------++-------
  Melee: Unarmed           |    94 |   187 |   383 |    23 ||   687
         Punch             |     1 |     6 |       |       ||     7
Ability: Lunge             |       |     3 |    30 |     1 ||    34
         Whirlwind         |       |       |    21 |       ||    21
  Evoke: Wand              |       |       |       |     1 ||     1
    Use: Potion            |     1 |       |     2 |     1 ||     4
         Scroll            |       |     4 |       |       ||     4
   Stab: Sleeping          |     2 |     3 |       |       ||     5
 Armour: Skin              |    12 |     2 |    99 |     8 ||   121
         Animal skin       |    15 |    50 |       |       ||    65
  Dodge: Dodged            |    46 |   127 |   295 |    22 ||   490
   Form: Flux              |       |     1 |       |       ||     1
